Map: Jagannatha LE

Players

Lambo

  • Race: Zerg Zerg

Serral - Winner!

  • Race: Zerg Zerg

Event: DreamHack SC2 Masters 2021 Winter

VOD

Have the link to the VOD?

Description

Time

  • Played on: Oct. 12, 2021, 10:44 a.m.
  • Length: 12:06

All games in this series

Show
View Real Time Build Order
Export as new Build Order

Lambo Zerg 

Build Orders: Hatch First, Roach Hydra 

Get SALT Encoding   

  12  0:00  Drone  
  13  0:12  Overlord  
  13  0:16  Drone  
  14  0:30  Drone x2  
  16  0:47  Hatchery  
  15  0:51  Drone  
  15  0:55  Drone  
  17  0:57  Drone  
  18  1:09  Extractor  
  17  1:13  Spawning Pool  
  17  1:16  Drone  
  17  1:20  Drone  
  18  1:27  Drone  
  19  1:39  Drone  
  20  1:49  Drone  
  21  1:59  Queen x2  
  21  2:00  Drone, Overlord  
  26  2:10  Drone x2  
  26  2:12  Metabolic Boost  
  28  2:21  Drone  
  28  2:22  Drone  
  30  2:32  Drone  
  30  2:33  Overlord  
  30  2:35  Queen  
  33  2:43  Drone x2  
  35  2:53  Overlord  
  35  3:04  Evolution Chamber  
  34  3:07  Zergling x8  
  34  3:08  Zergling x10  
  43  3:18  Zergling x2  
  43  3:19  Overlord  
  44  3:32  Zerg Missile Weapons Level 1  
  44  3:33  Drone  
  44  3:34  Drone  
  46  3:36  Hatchery  
  46  3:40  Drone x3  
  46  3:41  Drone  
  49  3:43  Drone  
  49  3:45  Drone  
  49  3:46  Drone  
  52  3:52  Drone  
  52  3:54  Drone  
  54  3:57  Drone  
  54  4:01  Roach Warren  
  54  4:03  Overlord  
  54  4:07  Extractor  
  54  4:08  Lair, Extractor  
  52  4:10  Drone  
  52  4:13  Drone x2  
  52  4:16  Drone  
  56  4:17  Drone  
  56  4:18  Drone  
  56  4:21  Overlord  
  56  4:23  Drone  
  59  4:25  Drone  
  59  4:26  Drone  
  61  4:33  Drone  
  61  4:38  Drone x2  
  66  4:41  Drone  
  66  4:42  Extractor  
  66  4:43  Drone x2  
  68  4:47  Drone x3  
  68  4:49  Drone  
  68  4:52  Overlord  
  72  4:54  Drone  
  73  5:00  Evolution Chamber  
  73  5:04  Roach x3  
  73  5:05  Glial Reconstitution  
  76  5:08  Overseer  
  76  5:09  Overlord  
  76  5:12  Roach x2  
  80  5:15  Roach x2  
  80  5:17  Overlord  
  80  5:19  Roach x2  
  88  5:27  Zerg Missile Weapons Level 2  
  87  5:29  Drone x4  
  87  5:32  Extractor  
  87  5:34  Roach x2  
  87  5:35  Roach  
  96  5:38  Zerg Ground Armor Level 1  
  96  5:45  Roach x3  
  96  5:49  Drone x2  
  104  5:51  Overlord x2  
  104  5:58  Overlord  
  104  5:59  Overlord  
  104  6:01  Roach  
  104  6:02  Overlord  
  104  6:03  Overlord  
  106  6:10  Hydralisk Den  
  107  6:15  Drone x2  
  107  6:16  Drone x3  
  107  6:17  Spore Crawler  
  109  6:20  Spore Crawler  
  109  6:25  Drone x3  
  110  6:27  Spore Crawler  
  110  6:28  Spore Crawler  
  110  6:29  Overlord  
  109  6:33  Drone x2  
  109  6:35  Overlord  
  109  6:36  Overlord  
  109  6:37  Extractor  
  110  6:42  Hydralisk x3, Grooved Spines  
  110  6:45  Hydralisk  
  118  6:51  Hydralisk x2  
  122  6:55  Hydralisk x2  
  122  7:00  Roach x2  
  130  7:02  Roach  
  130  7:06  Roach x3  
  138  7:12  Roach x3  
  138  7:15  Overlord  
  144  7:16  Roach x2  
  144  7:18  Overlord  
  148  7:23  Roach x2  
  148  7:24  Ravager  
  152  7:30  Roach  
  152  7:32  Overlord x2  
  152  7:35  Overlord  
  152  7:37  Roach  
  156  7:40  Roach x2  
  156  7:43  Roach x2  
  164  7:44  Ravager  
  164  7:49  Ravager, Roach x2  
  170  7:52  Roach x3  
  170  7:54  Muscular Augments  
  170  7:55  Roach  
  170  7:57  Overlord  
  178  7:59  Roach  
  178  8:02  Roach x2  
  184  8:06  Roach x2  
  184  8:07  Roach  
  189  8:14  Roach x4  
  191  8:21  Roach  
  191  8:22  Roach x3  
  194  8:28  Roach x3  
  194  8:32  Roach x2  
  183  8:34  Roach  
  183  8:36  Roach x3  
  177  8:41  Roach x3  
  177  8:47  Roach x3  
  150  8:50  Roach  
  150  8:54  Roach  
  137  8:56  Roach  
  117  9:03  Roach  
  117  9:08  Roach x4  
  113  9:11  Roach  
  113  9:14  Roach  
  115  9:18  Ravager x3  
  115  9:20  Roach  
  115  9:23  Roach  
  122  9:26  Roach  
  122  9:28  Roach  
  122  9:29  Drone  
  127  9:35  Queen  
  127  9:38  Drone x3  
  132  9:41  Hydralisk  
  132  9:45  Hydralisk  
  134  9:48  Hydralisk  
  134  9:52  Hydralisk x2  
  142  9:54  Hydralisk  
  142  9:59  Hydralisk  
  144  10:03  Hydralisk  
  149  10:07  Roach x2  
  149  10:10  Roach x2  
  149  10:12  Overlord  
  157  10:14  Roach  
  157  10:18  Roach  
  157  10:19  Roach  
  161  10:22  Roach  
  161  10:27  Roach  
  164  10:34  Roach x4  
  169  10:39  Roach  
  169  10:41  Roach  
  173  10:44  Ravager  
  173  10:45  Roach  
  173  10:47  Roach  
  178  10:51  Roach  
  178  10:52  Roach  
  178  10:54  Roach  
  184  10:59  Roach x2  
  186  11:14  Roach x2  
  186  11:17  Roach x3  
  183  11:18  Roach  
  183  11:21  Roach  
  183  11:23  Roach x2  
  183  11:24  Roach  
  173  11:30  Roach  
  173  11:31  Roach  
  173  11:32  Ravager  
  178  11:35  Roach  
  178  11:38  Roach  
  180  11:41  Roach  
  184  11:47  Roach  
  184  11:51  Hatchery  
Show
View Real Time Build Order
Export as new Build Order

Serral Zerg - Winner!

Build Orders: Hatch First 

Get SALT Encoding   

  12  0:00  Drone  
  13  0:11  Overlord  
  13  0:16  Drone  
  14  0:30  Drone x2  
  16  0:47  Hatchery  
  15  0:51  Drone  
  15  0:55  Drone  
  17  0:57  Drone  
  18  1:08  Extractor  
  17  1:13  Spawning Pool  
  17  1:16  Drone  
  17  1:19  Drone  
  18  1:27  Drone  
  19  1:38  Drone  
  20  1:48  Drone  
  21  1:59  Queen x2  
  25  2:01  Zergling x2  
  25  2:02  Overlord  
  26  2:10  Drone x2  
  28  2:20  Drone  
  29  2:25  Drone  
  30  2:33  Hatchery  
  30  2:36  Drone  
  30  2:38  Drone  
  31  2:45  Queen  
  31  2:46  Overlord  
  31  2:48  Drone  
  34  2:53  Drone x2  
  34  2:57  Evolution Chamber  
  35  3:03  Drone  
  36  3:06  Drone  
  36  3:08  Drone  
  36  3:09  Drone  
  36  3:10  Drone x2  
  36  3:12  Drone  
  42  3:13  Drone  
  43  3:23  Zerg Missile Weapons Level 1  
  43  3:24  Roach Warren  
  42  3:27  Overlord  
  42  3:35  Evolution Chamber  
  42  3:37  Drone x2  
  42  3:39  Evolution Chamber  
  42  3:41  Lair  
  42  3:42  Drone x2  
  42  3:44  Overlord  
  42  3:47  Drone x3  
  42  3:48  Drone  
  48  3:51  Drone  
  48  3:52  Extractor x2  
  48  3:54  Drone  
  48  3:58  Drone  
  48  3:59  Drone  
  50  4:04  Extractor  
  50  4:08  Drone x2  
  50  4:09  Drone x2  
  53  4:11  Drone  
  53  4:14  Overlord  
  53  4:16  Roach  
  56  4:19  Overlord  
  56  4:22  Roach  
  58  4:25  Roach  
  60  4:39  Spire  
  60  4:42  Roach  
  61  4:47  Roach x3  
  61  4:52  Glial Reconstitution  
  67  4:53  Overlord  
  67  4:58  Roach x3  
  73  5:01  Overseer  
  73  5:02  Hatchery  
  73  5:04  Overlord  
  72  5:07  Overlord  
  72  5:22  Roach  
  72  5:23  Roach  
  76  5:34  Drone x2  
  78  5:40  Overlord  
  78  5:48  Spine Crawler  
  77  5:50  Mutalisk x4  
  77  5:51  Mutalisk  
  91  5:57  Roach x2  
  91  5:58  Overlord x4  
  91  6:07  Zerg Missile Weapons Level 2  
  91  6:09  Drone x2  
  93  6:15  Drone x4  
  97  6:22  Drone x5  
  97  6:23  Zerg Ground Armor Level 1  
  102  6:40  Overlord  
  102  6:41  Extractor x2  
  102  6:44  Drone  
  102  6:45  Drone x6  
  107  6:52  Drone x3  
  110  6:54  Drone  
  110  6:58  Roach x3  
  110  7:00  Roach  
  119  7:06  Hatchery  
  119  7:08  Roach  
  120  7:12  Roach x3  
  120  7:13  Roach x2  
  130  7:18  Roach  
  130  7:19  Roach x3  
  138  7:24  Roach x3  
  138  7:27  Roach  
  144  7:34  Roach  
  144  7:36  Overlord x2  
  146  7:38  Overlord  
  146  7:43  Spine Crawler  
  145  7:45  Overlord x2  
  145  7:56  Roach x7  
  159  7:59  Roach  
  159  8:01  Ravager x5  
  159  8:02  Ravager  
  167  8:08  Roach x5  
  175  8:16  Roach  
  175  8:18  Overlord x2  
  175  8:21  Roach x3  
  175  8:26  Roach  
  183  8:34  Roach x6  
  184  8:38  Roach x3  
  184  8:40  Roach  
  164  8:46  Roach x3  
  149  8:50  Roach x3  
  149  8:53  Roach  
  149  8:55  Roach  
  143  9:00  Roach x3  
  143  9:02  Roach  
  139  9:06  Roach x2  
  139  9:14  Roach x4  
  139  9:15  Roach  
  147  9:21  Ravager x2  
  147  9:22  Zerg Ground Armor Level 2  
  149  9:25  Roach  
  149  9:27  Ravager x2  
  149  9:31  Ravager x2  
  155  9:32  Queen  
  155  9:34  Roach x2  
  161  9:39  Roach x2  
  161  9:41  Queen  
  167  9:47  Roach x2  
  167  9:48  Roach  
  167  9:52  Roach x2  
  177  9:54  Queen  
  177  9:59  Roach x3  
  185  10:04  Roach x3  
  191  10:10  Roach x3  
  197  10:18  Roach  
  197  10:26  Roach x4  
  200  10:35  Overlord  
  194  10:51  Overlord  
  194  10:55  Roach Warren  
  191  10:58  Roach x4  
  199  11:05  Overlord  
  199  11:14  Roach x4  
  193  11:22  Roach x13  
  199  11:25  Roach x2  
  199  11:27  Roach  
  199  11:31  Ravager x2  
  198  11:37  Roach  
  198  11:38  Roach  
  196  11:41  Ravager  
  196  11:44  Roach  

Tags
 
Add a new tag
Caveats
  • Supply blocks, unpowered buildings, or Contaminate may cause inaccurate times.
  • Supply counts are checked every 10 seconds.